AoeStats
← De1moS

Arabia

512206931Analyzed
1v1 RM · 10d ago on Oct 8, 2026· 27m 13s· 2 players
Game mode
Random Map
Map size
Tiny (2 player)
Population
200
Speed
Normal
Resources
Standard
Victory
Conquest
Starting age
Dark Age
Ending age
Imperial Age
RankedLock teamsTeams togetherTeam positionsShared explorationLock speedFull tech treeHidden civsTurbo modeCheats
Victory
Defeat
🇮🇳 Portuguese · India
1154
+15
vs
🇷🇺 Saracens · Russia
1129
-15
Посейдон
11:16 Feudal Age
15:09 Double-Bit Axe
15:21 Fletching
16:03 Loom
16:37 Gold Mining
16:30 Horse Collar
22:03 Castle Age
De1moS
7:40 Loom
9:54 Feudal Age
11:16 Double-Bit Axe
12:40 Fletching
15:54 Padded Archer Armor
22:24 Castle Age
20:33 Gold Mining
22:23 Wheelbarrow
22:32 Crossbowman
23:10 Bodkin Arrow
23:41 Horse Collar
24:10 Town Watch
24:47 Leather Archer Armor
26:19 Bloodlines
26:10 Husbandry
26:19 Scale Barding Armor
26:24 Forging
Connection lost

Rejoining the realm…

Still unreachable

The connection could not be restored.

Session expired

The server has moved on; the page needs a fresh start.